 Dungeon Crawl Stone Soup version 0.28-a0-1236-gb25a51b929 (webtiles) character file.

Game seed: 7848962056934143126

3864 bearlyready the Fighter (level 9, -7/89 HPs)
             Began as a Minotaur Hunter on Dec 25, 2021.
             Was a Believer of Okawaru.
             Mangled by a boulder beetle (12 damage)
             ... on level 9 of the Dungeon on Dec 26, 2021.
             The game lasted 00:11:30 (8545 turns).

bearlyready the Fighter (Minotaur Hunter)           Turns: 8545, Time: 00:11:31

Health: -7/89      AC: 17    Str: 26    XL:     9   Next: 99%
Magic:  11/11      EV:  7    Int:  8    God:    Okawaru [**....]
Gold:   583        SH:  0    Dex: 12    Spells: 8/8 levels left

rFire   . . .      SeeInvis .   b - +2 short sword (drain)
rCold   . . .      Faith    .   (no shield)
rNeg    . . .      Spirit   .   n - +0 plate armour
rPois   .          Reflect  .   (helmet restricted)
rElec   .          Harm     .   h - +0 cloak {Will+}
rCorr   .          Rampage  .   O - +0 pair of gloves
Will    +....                   L - +0 pair of boots
Stlth   ..........              (no amulet)
HPRegen 0.24/turn               o - +6 ring of strength
MPRegen 0.12/turn               E - +4 ring of protection

@: no status effects
A: horns 2, retaliatory headbutt
a: Renounce Religion, Heroism


You were on level 9 of the Dungeon.
You worshipped Okawaru.
Okawaru was pleased with you.
You visited 2 branches of the dungeon, and saw 10 of its levels.

You collected 583 gold pieces.

Inventory:

Hand Weapons
 a - a +2 hand crossbow
 b - a +2 short sword of draining (weapon)
 s - a +0 hand axe
 F - a +0 dagger of venom
 G - a +1 short sword of speed
Missiles
 d - 44 bolts
 l - a curare-tipped dart (quivered)
 m - 26 poisoned darts
 M - a boomerang of dispersal
Armour
 c - a +0 leather armour
 h - a +0 cloak of willpower (worn)
 n - a +0 plate armour (worn)
 L - a +0 pair of boots (worn)
 O - a +0 pair of gloves (worn)
Jewellery
 o - a +6 ring of strength (left hand)
 v - a ring of flight
 y - a ring of magical power
 E - a +4 ring of protection (right hand)
 I - a +6 ring of dexterity
Wands
 r - a wand of flame (32)
Scrolls
 e - 3 scrolls of blinking {unknown}
 f - 2 scrolls of amnesia {unknown}
 j - a scroll of silence {unknown}
 p - 3 scrolls of enchant armour
 u - a scroll of acquirement {unknown}
 B - a scroll of fear
 H - a scroll of magic mapping {unknown}
Potions
 i - a potion of degeneration
 k - 2 potions of lignification {unknown}
 q - 2 potions of invisibility {unknown}
 x - 3 potions of curing
 z - 2 potions of flight
 A - a potion of attraction {unknown}
 C - 2 potions of haste {unknown}
 D - a potion of ambrosia {unknown}


   Skills:
 + Level 11.5 Fighting
 + Level 3.0 Axes
 + Level 11.2 Crossbows
 - Level 2.1 Dodging
 - Level 0.7 Stealth
 + Level 4.1 Invocations


You had 8 spell levels left.
You didn't know any spells.
Your spell library contained the following spells:

 Spells                   Type           Power      Damage    Failure   Level
 Gell's Gravitas          Tloc           0%         N/A       100%        3
 Lesser Beckoning         Tloc           0%         N/A       100%        3
 Teleport Other           Tloc           0%         N/A       100%        3
 Summon Forest            Summ/Tloc      Unusable   N/A       N/A         5
 Summon Mana Viper        Hex/Summ       Unusable   N/A       N/A         5
 Summon Cactus Giant      Summ           Unusable   N/A       N/A         6

Dungeon Overview and Level Annotations

Branches:
Dungeon (8/15)             Temple (1/1) D:7
   Lair: D:8-11

Altars:
Ashenzari
Cheibriados
Dithmenos
Fedhas
Gozag
Hepliaklqana
Makhleb
Nemelex Xobeh
Okawaru
Qazlal
Ru
Sif Muna
Trog
Uskayaw
Vehumet
Wu Jian
Xom
Zin
The Shining One


Innate Abilities, Weirdness & Mutations

You have a pair of horns on your head.
You reflexively headbutt those who attack you in melee.


Message History

The arrow burns you.
* * * LOW HITPOINT WARNING * * *
Okay, then.
As you read the scroll of fear, it crumbles to dust.
You assume a fearsome visage.
The centaur warrior looks frightened!
The boulder beetle looks frightened!
You feel yourself speed up.
You feel very sick.
The boulder beetle waves its antennae.
The boulder beetle leaps!
Your surroundings suddenly seem different.
You feel sick.
You feel sick.
You feel sick.
You feel sick.
You start resting.
You feel sick.
You are no longer poisoned.
Okay, then.
As you read the scroll labelled GOWASO AGGUADGH, it crumbles to dust.
You hear a loud clanging noise!
It was a scroll of noise.
You hear an angry buzzing noise.
You hear an angry hiss. x2
You hear an angry buzzing noise. x2
As you read the scroll labelled XUISOTH ANOSH, it crumbles to dust.
It is a scroll of enchant weapon.
Your +1 hand crossbow glows red for a moment.
As you read the scroll of teleportation, it crumbles to dust.
You feel strangely unstable.
As you read the scroll of identify, it crumbles to dust.
z - 2 potions of flight
As you read the scroll of identify, it crumbles to dust.
p - 3 scrolls of enchant armour Your surroundings suddenly seem different.
A steam dragon and a hornet come into view.
The steam dragon hisses angrily.
You hear an angry hiss.
The steam dragon bites you but does no damage.
The steam dragon claws you but does no damage.
A wyvern comes into view.
The boulder beetle bites you!
You die...

#.#
#.#####.####
##.#..cBO.:..
..#.###'###.
#.#.# #.#.#
#...# #.#B#
#.#@#
........#D#
#####...#yl
#...####
#...# #...#
#..y# ....#


You could see a boulder beetle, a hornet, a steam dragon and a wyvern.

Vanquished Creatures
  A tengu warrior (D:8)
  A hornet (D:8)
  A wyvern (D:7)
  A water moccasin (D:6)
  2 ice beasts
  A black bear (D:6)
  2 orc warriors (D:7)
  A necrophage (D:7)
  7 ogres
  3 phantoms
  A scorpion (D:7)
  5 bullfrogs
  4 killer bees (D:7)
  A wight (D:8)
  4 centaur zombies
  An orc priest (D:7)
  2 hounds
  2 jellies
  2 gnoll shamans
  2 iguanas (D:5)
  5 orc wizards
  19 gnolls
  9 adders
  A shadow imp (D:7)
  2 white imps
  3 worms
  3 dart slugs
  8 orcs
  9 bats
  6 endoplasms
  2 giant cockroaches (D:2)
  5 goblins
  A hobgoblin (D:4)
  10 jackals
  5 quokkas
  4 ball pythons
  A frilled lizard (D:3)
  6 kobolds
  6 rats
149 creatures vanquished.

Vanquished Creatures (others)
  7 plants (D:9)
7 creatures vanquished.

Grand Total: 156 creatures vanquished

Notes
Turn   | Place    | Note
-------+----------+-------------------------------------------
     0 | D:1      | bearlyready the Minotaur Hunter began the quest for the
                  | Orb.
     0 | D:1      | Reached XP level 1. HP: 18/18 MP: 0/0
    41 | D:1      | Reached XP level 2. HP: 25/25 MP: 1/1
   367 | D:1      | Found a faded altar of an unknown god.
   882 | D:1      | Reached skill level 5 in Crossbows
   882 | D:1      | Reached XP level 3. HP: 20/31 MP: 2/2
  2102 | D:2      | Reached XP level 4. HP: 40/40 MP: 3/3
  2700 | D:3      | Noticed an ice beast
  2710 | D:3      | Killed an ice beast
  2711 | D:3      | Reached skill level 5 in Fighting
  2711 | D:3      | Reached XP level 5. HP: 48/48 MP: 4/4
  2829 | D:3      | Found a radiant altar of Vehumet.
  3040 | D:4      | Noticed a phantom
  3264 | D:4      | Killed a phantom
  3265 | D:4      | Reached XP level 6. HP: 23/57 MP: 5/5
  3918 | D:4      | Found a glowing silver altar of Zin.
  3918 | D:4      | Noticed an angel
  4387 | D:5      | Entered Level 5 of the Dungeon
  4440 | D:5      | Reached XP level 7. HP: 37/64 MP: 6/6
  5088 | D:5      | Reached XP level 8. HP: 43/75 MP: 7/7
  6780 | D:7      | Reached skill level 10 in Fighting
  6780 | D:7      | Reached skill level 10 in Crossbows
  6816 | D:7      | Reached XP level 9. HP: 67/86 MP: 8/8
  6817 | D:7      | Found a staircase to the Ecumenical Temple.
  6832 | Temple   | Entered the Ecumenical Temple
  7072 | Temple   | Became a worshipper of Warmaster Okawaru
  7172 | D:7      | Reached skill level 1 in Invocations
  7560 | D:7      | Found the +2 hood of the Assassin {Detection Stab+ Stlth++}
  7595 | D:7      | Reached * piety under Okawaru
  8339 | D:8      | Noticed a troll
  8340 | D:8      | Noticed a tengu warrior
  8354 | D:8      | Reached skill level 1 in Axes
  8366 | D:8      | Killed a tengu warrior
  8366 | D:8      | Reached ** piety under Okawaru
  8380 | D:8      | Noticed a cyclops
  8380 | D:8      | Noticed a kobold demonologist
  8380 | D:8      | HP: 2/89 [cyclops/large rock (22)]
  8381 | D:8      | Noticed a boulder beetle
  8382 | D:8      | Noticed an ice devil
  8383 | D:8      | You fall into a shaft and drop 1 floor!
  8524 | D:9      | Noticed a centaur warrior
  8524 | D:9      | Noticed a two-headed ogre
  8524 | D:9      | Noticed a boulder beetle
  8536 | D:9      | HP: 4/89 [poisoned by a hornet]
  8545 | D:9      | Mangled by a boulder beetle

Illustrated notes

Levels and vault maps discovered:
D:1:      minmay_arrival_plants_in_alcoves, layout_loops_ring,
          dreamdust_ecumenical_altar_hidden_monk_grotto, minmay_pentomino_x2
D:2:      layout_loops_ring, bh_walls_and_bars
D:3:      layout_basic, mainiacjoe_overflow_24_doors, minmay_cupped
D:4:      layout_basic, zin_angel
D:5:      layout_basic
D:6:      layout_loops_cross
D:7:      layout_rooms, minmay_temple_entry_offerings
D:8:      minmay_bloctagon_deflated, layout_loops_ring, serial_shops,
          nicolae_diamond_shop, gammafunk_ghost_cemetery, grunt_ministairs_15,
          hangedman_minor_gate_pass
D:9:      minmay_the_grid_4x2 [minmay_the_grid_spikes,
          minmay_the_grid_diamond_grid, minmay_the_grid_outer_diamond,
          minmay_the_grid_dragon_a, minmay_the_grid_garden,
          minmay_the_grid_paths, minmay_the_grid_tiny_cups,
          minmay_the_grid_prize_shrinking_boxes], layout_long_grid,
          elyvilon_altar_4, amcnicky_mini_rare_corridor_liquid
Temple:   minmay_crystal_spiral_temple

Skill      XL: |  1  2  3  4  5  6  7  8  9 |
---------------+----------------------------+-----
Fighting       | 3 4 5 6 8 10 11 | 11.5
Crossbows      | 5 6 7 8 10 11 | 11.2
Invocations    | 4 |  4.1
Axes           | 3 |  3.0
Dodging        | |  2.1
Stealth        | |  0.7

Action                   |  1- 3 |  4- 6 |  7- 9 || total
-------------------------+-------+-------+-------++-------
Melee: Short sword       |    95 |   103 |   241 ||   439
       Headbutt          |    20 |    22 |    52 ||    94
 Fire: Hand crossbow     |    14 |    11 |    12 ||    37
Throw: Dart              |       |     6 |    11 ||    17
       Throwing net      |       |       |     4 ||     4
Evoke: Wand              |       |     2 |       ||     2
  Use: Potion            |       |     1 |     3 ||     4
       Scroll            |       |       |    13 ||    13
 Stab: Fleeing           |       |       |     1 ||     1
       Held in net/web   |       |       |     1 ||     1
Armor: Leather armour    |    20 |       |       ||    20
       Plate armour      |    24 |    71 |   213 ||   308
Dodge: Dodged            |    45 |    40 |   111 ||   196

Table legend: (Time is in decaauts)
 A = Elapsed time spent in this place.
 B = Non-inter-level travel time spent in this place.
 C = Inter-level travel time spent in this place.
 D = Time resting spent in this place.
 E = Time spent auto-exploring this place.
 F = Levels seen in this place.
 G = Mean time per level.
                   A        B        C        D        E       F      G
               +--------+--------+--------+--------+--------+-----+--------+
         Total |   8594 |   8258 |    336 |    358 |   6543 |  10 |  859.4 |
       Dungeon |   8316 |   8064 |    252 |    358 |   6368 |   9 |  924.0 |
        Temple |    277 |    193 |     84 |      0 |    175 |   1 |  277.0 |
               +--------+--------+--------+--------+--------+-----+--------+

Top non-repeatable levels by time:
     D:1: 1216 daAuts
     D:4: 1212 daAuts
     D:6: 1208 daAuts
     D:5: 1184 daAuts
     D:7: 1142 daAuts
     D:3: 1060 daAuts
     D:2: 919 daAuts
  Temple: 277 daAuts
     D:8: 208 daAuts
     D:9: 163 daAuts
